 Dungeon Crawl Stone Soup version 0.30-a0-304-gdc4b735fe1 (webtiles) character file.

Game seed: 12409569967103055584

44 KennySheep the Conjurer (level 3, 0/26 HPs)
             Began as a Demigod Conjurer on Oct 21, 2022.
             Succumbed to an adder's poison
             ... on level 2 of the Dungeon.
             The game lasted 00:05:37 (1153 turns).

KennySheep the Conjurer (Demigod Conjurer)          Turns: 1153, Time: 00:05:38

Health: 0/26       AC:  2    Str:  5 (8)  XL:     3   Next: 23%
Magic:  1/8        EV: 12    Int: 29 (30) God:
Gold:   119        SH:  0    Dex:  9 (12) Spells: 3/6 levels left

rFire   . . .      SeeInvis .    (no weapon)
rCold   . . .      Faith    .    (no shield)
rNeg    . . .      Spirit   .    a - +0 robe
rPois   .          Reflect  .    g - +0 hat
rElec   .          Harm     .    (no cloak)
rCorr   .          Rampage  .    (no gloves)
Will    .....                    (no boots)
Stlth   ++........               (no amulet)
HPRegen 0.24/turn                d - +6 ring of intelligence
MPRegen 0.11/turn                m - ring of wizardry

@: lethally poisoned (0 -> -5), flying
A: high MP 1, forlorn, divine attributes
a: no special abilities


You were on level 2 of the Dungeon.
You visited 1 branch of the dungeon, and saw 2 of its levels.

You collected 119 gold pieces.

Inventory:

Armour
 a - a +0 robe (worn)
 g - a +0 hat (worn)
Jewellery
 d - a +6 ring of intelligence (left hand)
 m - a ring of wizardry (right hand)
Scrolls
 e - a scroll of fog {unknown}
 h - a scroll of immolation {unknown}
 i - a scroll of summoning {unknown}
 j - a scroll of teleportation {unknown}
 k - a scroll of blinking {unknown}
 l - 2 scrolls of identify {unknown}
Potions
 b - a potion of magic
 c - a potion of degeneration
 n - a potion of lignification {unknown}


   Skills:
 - Level 1.7 Dodging
 - Level 1.7 Stealth
 + Level 2.1 Spellcasting
 * Level 4.1 Conjurations
 * Level 1.6 Translocations


You had 3 spell levels left.
You knew the following spells:

 Your Spells              Type           Power      Damage    Failure   Level
a - Magic Dart            Conj           100%       1d8       1%          1
b - Searing Ray           Conj           54%        2d6       1%          2

Your spell library contained the following spells:

 Spells                   Type           Power      Damage    Failure   Level
 Dazzling Flash           Conj/Hex       30%        N/A       4%          3
 Scorch                   Fire           6%         2d5       5%          2
 Iskenderun's Mystic Bla  Conj/Tloc      19%        2d6       11%         4
 Flame Wave               Conj/Fire      15%        2d7       14%         4
 Fulminant Prism          Conj/Hex       7%         3d7       14%         4
 Summon Cactus Giant      Summ           1%         N/A       99%         6


Dungeon Overview and Level Annotations

Branches:
Dungeon (2/15)


Innate Abilities, Weirdness & Mutations

You have an increased reservoir of magic. (+10% MP)
You shall have no god before yourself.
Your divine heritage dramatically boosts your attributes as you level up.


Message History

The adder is severely wounded.
You feel sick. The adder bites you.
You barely miss the adder.
The adder is severely wounded.
You feel sick. The adder closely misses you.
You hit the adder.
The adder is almost dead.
You feel sick. The adder barely misses you. The adder bites you.
You barely miss the adder.
The adder is almost dead.
You feel sick. The adder barely misses you.
You barely miss the adder.
The adder is almost dead.
You feel sick. The adder bites you but does no damage.
You hit the adder but do no damage.
The adder is almost dead.
You feel sick.
You are no longer poisoned.
The adder bites you.
You are poisoned.
The adder poisons you! The adder bites you.
You hit the adder but do no damage.
The adder is almost dead.
You feel sick. The adder bites you.
* * * LOW HITPOINT WARNING * * *
You are lethally poisoned!
The adder poisons you!
You barely miss the adder.
The adder is almost dead.
* * * LOW HITPOINT WARNING * * *
You feel sick. The adder closely misses you.
It was a potion of degeneration.
There was something very wrong with that liquid.
You feel weakened.
You feel dopey.
You feel clumsy.
* * * LOW HITPOINT WARNING * * *
You feel sick. The adder barely misses you.
It was a potion of flight.
You feel very buoyant.
You fly up into the air.
You die...

###############
#.......@S†..(#
#########.###....####.#
....#.......#.##.# #.#
###.......#.#.##.# #h#
# #.......#.#.##.# #.#
# ##......#.#.##.# #.#
# ###....#+#.##.## #.#
# #............# #)# #
#)...........# #.#


You could see an adder.

Vanquished Creatures
  A worm (D:2)
  A dart slug (D:2)
  5 ball pythons (D:1)
  A giant cockroach (D:1)
  7 goblins
  6 hobgoblins (D:1)
  6 jackals
  3 kobolds
  A quokka (D:1)
  3 bats
34 creatures vanquished.

Notes
Turn   | Place    | Note
-------+----------+-------------------------------------------
     0 | D:1      | KennySheep the Demigod Conjurer began the quest for the
                  | Orb.
     0 | D:1      | Reached XP level 1. HP: 14/14 MP: 5/5
   227 | D:1      | Reached XP level 2. HP: 20/20 MP: 5/7
   230 | D:1      | Learned a level 2 spell: Searing Ray
   276 | D:1      | Reached skill level 1 in Translocations
   526 | D:1      | Reached skill level 4 in Conjurations
   868 | D:2      | Reached XP level 3. HP: 26/26 MP: 2/8
  1152 | D:2      | HP: 1/26 [poisoned by an adder]
  1153 | D:2      | Succumbed to an adder's poison

Illustrated notes

Levels and vault maps discovered:
D:1:      scummos_arrival_forest, layout_rooms
D:2:      layout_basic, minmay_between

Skill      XL: |  1  2 |
---------------+-------+-----
Translocations | 1 |  1.6
Spellcasting   | 2 |  2.1
Conjurations   | 4 |  4.1
Dodging        | |  1.7
Stealth        | |  1.7

Action                   || total
-------------------------++-------
Melee: Unarmed           ||    19
 Cast: Magic Dart        ||    66
       Searing Ray       ||     3
  Use: Potion            ||     2
Armor: Robe              ||    12
Dodge: Dodged            ||    27

Table legend: (Time is in decaauts)
 A = Elapsed time spent in this place.
 B = Non-inter-level travel time spent in this place.
 C = Inter-level travel time spent in this place.
 D = Time resting spent in this place.
 E = Time spent auto-exploring this place.
 F = Levels seen in this place.
 G = Mean time per level.
                   A        B        C        D        E       F      G
               +--------+--------+--------+--------+--------+-----+--------+
         Total |   1151 |   1138 |     13 |     67 |    877 |   2 |  575.5 |
       Dungeon |   1151 |   1138 |     13 |     67 |    877 |   2 |  575.5 |
               +--------+--------+--------+--------+--------+-----+--------+

Top non-repeatable levels by time:
     D:1: 848 daAuts
     D:2: 303 daAuts
